AoeStats
← John Mayer

Arabia

510158779Analyzed
2v2 RM · 4d ago on Sep 29, 2026· 53m 57s· 4 players
Game mode
Random Map
Map size
Medium (4 player)
Population
200
Speed
Normal
Resources
Standard
Victory
Conquest
Starting age
Dark Age
Ending age
Imperial Age
RankedLock teamsTeams togetherTeam positionsShared explorationLock speedFull tech treeHidden civsTurbo modeCheats
Victory
Defeat
🇦🇹 Mapuche · Austria
1055
+16
🇦🇹 Vikings · Austria
1054
+15
🇩🇪 Spanish · Germany
1063
-16
🇩🇪 Persians · Germany
1035
-15
John Mayer
7:12 Loom
9:30 Feudal Age
16:35 Double-Bit Axe
17:45 Wheelbarrow
20:52 Castle Age
19:27 Bloodlines
20:16 Scale Barding Armor
20:22 Forging
23:48 Town Watch
25:07 Chain Barding Armor
28:22 Iron Casting
27:50 Husbandry
28:59 Fletching
33:12 Imperial Age
31:31 Bodkin Arrow
31:17 Horse Collar
31:49 Bow Saw
32:54 Kamandaran
33:12 Thumb Ring
33:31 Crossbowman
34:24 Padded Archer Armor
36:34 Plate Barding Armor
37:40 Blast Furnace
38:04 Leather Archer Armor
40:11 Two-Man Saw
39:13 Heavy Plow
40:23 Ring Archer Armor
41:33 Ballistics
43:06 Cavalier
46:08 Crop Rotation
46:08 Conscription
46:25 Hoardings
46:02 Citadels
50:26 Chemistry
49:27 Scale Mail Armor
striker6000
5:46 Loom
10:56 Feudal Age
11:32 Man-at-Arms
13:24 Horse Collar
17:36 Wheelbarrow
20:05 Stone Mining
20:04 Double-Bit Axe
22:27 Castle Age
21:11 Scale Barding Armor
23:29 Bow Saw
24:07 Chain Barding Armor
24:39 Hand Cart
25:20 Husbandry
25:35 Bloodlines
28:15 Husbandry
32:20 Ballistics
35:00 Masonry
36:10 Fletching
39:23 Imperial Age
37:22 Bodkin Arrow
39:17 Gold Mining
40:19 Elite Conquistador
42:43 Chemistry
43:17 Elite Skirmisher
45:09 Padded Archer Armor
45:14 Bracer
45:56 Conscription
48:17 Plate Barding Armor
48:11 Padded Archer Armor
49:51 Light Cavalry
51:00 Leather Archer Armor
51:17 Architecture
50:51 Hussar
nicepeanut3
10:09 Feudal Age
8:25 Loom
14:59 Castle Age
16:02 Double-Bit Axe
17:52 Fletching
22:15 Bodkin Arrow
22:57 Horse Collar
27:10 Padded Archer Armor
27:33 Gold Mining
29:15 Leather Archer Armor
29:39 Bow Saw
29:32 Heavy Plow
33:13 Ballistics
37:02 Imperial Age
37:53 Malon
37:59 Butalmapu
38:18 Elite Bolas Rider
40:32 Ring Archer Armor
40:15 Stone Mining
41:05 Gold Shaft Mining
42:13 Wheelbarrow
41:46 Siege Engineers
42:42 Chemistry
48:02 Conscription
47:03 Elite Kona
48:20 Hoardings
51:25 Forging
SchörgioRamos
8:25 Loom
11:19 Feudal Age
16:56 Double-Bit Axe
21:47 Castle Age
19:54 Town Watch
20:19 Gold Mining
21:20 Fletching
21:33 Padded Archer Armor
23:08 Bow Saw
22:39 Crossbowman
25:10 Bodkin Arrow
26:24 Gold Shaft Mining
27:27 Leather Archer Armor
28:18 Ballistics
31:55 Town Patrol
38:53 Imperial Age
39:29 Arbalester
40:15 Bracer
40:55 Ring Archer Armor
41:35 Chemistry
40:19 Treadmill Crane
40:49 Masonry
42:59 Bogsveigar
43:21 Conscription
50:35 Elite Berserk
51:51 Hoardings
51:29 Forging
51:19 Scale Mail Armor
53:22 Iron Casting
53:32 Chain Mail Armor
55:16 Blast Furnace
Connection lost

Rejoining the realm…

Still unreachable

The connection could not be restored.

Session expired

The server has moved on; the page needs a fresh start.